 Dungeon Crawl Stone Soup version 0.31-a0-263-ge8cad7f256 (webtiles) character file.

Game seed: 17231396844361044736

65583 Shard1697 the Stickfighter (level 14, -3/127 HPs)
             Began as a Grey Draconian Summoner on July 13, 2023.
             Was a High Priest of Okawaru.
             Killed from afar by a rime drake (13 damage)
             ... with an icy flash freeze
             ... on level 5 of the Lair of Beasts.
             The game lasted 00:41:04 (21919 turns).

Shard1697 the Stickfighter (DrSu)                  Turns: 21919, Time: 00:41:04

Health: -3/127     AC: 16    Str: 12    XL:     14   Next: 76%
Magic:  16/21      EV: 22    Int: 19    God:    Okawaru [*****.]
Gold:   1727       SH:  5    Dex: 18    Spells: 2/21 levels left

rFire   + . .        a - +0 lajatang (vamp)
rCold   + . .        (shield currently unavailable)
rNeg    . . .        (body armour unavailable)
rPois   .            (helmet restricted)
rElec   .            f - scarf {rC+ rF+}
rCorr   .            I - +1 pair of gloves
SInv    .            D - +0 pair of boots {rampage}
Will    ++...        H - amulet of reflection
Stlth   ++++         m - +6 ring of dexterity
HPRegen 0.41/turn    h - ring of willpower
MPRegen 0.17/turn

%: reflection, rampage
@: heroic, finesse-ful
A: AC +13, amphibious, unfitting armour, cold-blooded
a: Renounce Religion, Heroism, Finesse, Duel


You were on level 5 of the Lair of Beasts.
You worshipped Okawaru.
Okawaru was extremely pleased with you.
You visited 3 branches of the dungeon, and saw 18 of its levels.
You also visited: Sewer.

You collected 1727 gold pieces.

Inventory:

Hand Weapons
 a - a +0 vampiric lajatang (weapon)
 b - a +5 trident
 F - a +2 spectral quarterstaff
Missiles
 i - a throwing net
Armour
 f - a scarf of resistance (worn)
 u - a +0 cloak
 D - a +0 pair of boots of rampaging (worn)
 I - a +1 pair of gloves (worn)
 J - a scarf of repulsion
 R - the +0 pair of boots "Pasepo" {MP-9 Str+5}
   (Okawaru gifted it to you on level 4 of the Lair of Beasts)

   Str:       It affects your strength (+5).
   MP:        It affects your magic capacity (-9).
Jewellery
 h - a ring of willpower (right hand)
 m - a +6 ring of dexterity (left hand)
 w - a ring of fire
 x - a ring of resist corrosion
 z - an amulet of regeneration
 H - an amulet of reflection (around neck)
 O - an amulet of guardian spirit
Wands
 o - a wand of mindburst (19)
 q - a wand of flame (16)
 r - a wand of iceblast (18)
 s - a wand of polymorph (12)
 v - a wand of paralysis (12)
 B - a wand of quicksilver (8)
Scrolls
 c - 11 scrolls of identify
 g - 3 scrolls of poison
 l - 2 scrolls of brand weapon
 p - 9 scrolls of teleportation
 t - 3 scrolls of fog
 y - 3 scrolls of fear
 P - a scroll of vulnerability
 S - a scroll of enchant armour
Potions
 d - 2 potions of might
 e - 8 potions of curing
 j - 4 potions of mutation
 k - 2 potions of attraction
 n - 2 potions of cancellation
 A - a potion of heal wounds {unknown}
 C - 2 potions of resistance
 E - 3 potions of enlightenment
 G - 3 potions of brilliance {unknown}
 K - 2 potions of lignification {unknown}
 L - a potion of magic
 M - a potion of berserk rage {unknown}
 N - a potion of ambrosia {unknown}
Miscellaneous
 Q - a phial of floods


   Skills:
 - Level 12.6(17.6) Fighting
 - Level 15.2(20.2) Staves
 - Level 10.1(15.1) Dodging
 - Level 1.7(6.7) Stealth
 - Level 4.0 Spellcasting
 + Level 7.1 Hexes
 - Level 5.9 Summonings
 + Level 6.8 Transmutations
 - Level 1.0 Air Magic
 - Level 10.3 Invocations


You had 2 spell levels left.
You knew the following spells:

 Your Spells              Type           Power      Damage    Failure   Level
a - Summon Small Mammal   Summ           100%       N/A       1%          1
b - Call Canine Familiar  Summ           26%        N/A       3%          3
c - Call Imp              Summ           52%        N/A       1%          2
d - Yara's Violent Unrav  Hex/Tmut       15%        3d8       22%         5
e - Enfeeble              Hex            15%        N/A       99%         7
t - Slow                  Hex            100%       N/A       1%          1

Your spell library contained the following spells:

 Spells                   Type           Power      Damage    Failure   Level
 Apportation              Tloc           6%         N/A       14%         1
 Necrotise                Necr           12%        1d4       14%         1
 Scorch                   Fire           6%         2d5       21%         2
 Confusing Touch          Hex            31%        N/A       2%          3
 Inner Flame              Hex/Fire       17%        N/A       10%         3
 Ignite Poison            Fire/Tmut/Pois 12%        N/A       16%         3
 Gell's Gravitas          Tloc           3%         N/A       38%         3
 Teleport Other           Tloc           3%         N/A       38%         3
 Vampiric Draining        Necr           3%         2d6       38%         3
 Flame Wave               Conj/Fire      3%         2d5       80%         4
 Sticky Flame             Conj/Fire      3%         2d3       80%         4
 Dispersal                Tloc           1%         N/A       100%        6
 Ignition                 Fire           1%         3d3       100%        8
 Summon Guardian Golem    Hex/Summ       Unusable   N/A       N/A         3
 Summon Lightning Spire   Summ/Air       Unusable   N/A       N/A         4
 Summon Cactus Giant      Summ           Unusable   N/A       N/A         6
 Malign Gateway           Summ/Tloc      Unusable   N/A       N/A         7
 Summon Horrible Things   Summ           Unusable   N/A       N/A         8

Dungeon Overview and Level Annotations

Branches:
Dungeon (12/15)            Temple (1/1) D:4            Lair (5/5) D:11
 Shoals (0/4) Lair:2        Snake (0/4) Lair:2        Slime (0/5) Lair:5
    Orc (0/2) D:9           Sewer (visited)

Altars:
Ashenzari
Cheibriados
Dithmenos
Elyvilon
Fedhas
Gozag
Hepliaklqana
Kikubaaqudgha
Makhleb
Nemelex Xobeh
Okawaru
Qazlal
Ru
Sif Muna
Trog
Vehumet
Xom
Yredelemnul
Zin
The Shining One
Jiyva


Innate Abilities, Weirdness & Mutations

Your dull iron-grey scales are very hard. (AC +13)
You are amphibious.
You cannot fit into any form of body armour.
You are cold-blooded and may be slowed by cold attacks.


Message History

The death yak barely misses you.
You closely miss the black mamba. You tail-slap the black mamba.
The black mamba is severely wounded.
You block the black mamba's attack.
You barely miss the black mamba.
The black mamba is severely wounded.
The black mamba completely misses you.
You barely miss the black mamba.
The black mamba is severely wounded.
You block the death yak's attack.
You slice the black mamba!!
You feel better.
You kill the black mamba!
Okawaru accepts your kill.
You hit the death yak.
The death yak is lightly wounded.
You slice the death yak!!
The death yak is heavily wounded.
The death yak gores you!!
* * * LOW HITPOINT WARNING * * *
You hit the death yak.
You feel better.
You tail-slap the death yak, but do no damage.
The death yak is heavily wounded.
The rime drake completely misses you.
You slash the death yak!
The death yak is heavily wounded.
You barely miss the death yak.
The death yak is heavily wounded.
The death yak gores you!
* * * LOW HITPOINT WARNING * * *
The rime drake bites you but does no damage.
You slash the death yak!
You feel better.
The death yak is severely wounded.
You hit the death yak.
You feel better.
The death yak is severely wounded.
The death yak barely misses you.
You hit the death yak.
You feel better.
Your tail-slap misses the death yak.
The death yak is severely wounded.
The rime drake breathes ice at you. The icy flash freeze hits you!
You partially resist.
You die...

## ##### #P #
#####.P.##### ## ##
#..P.....P#.## #P .###
##............# #.
...####....###.#....###
##.
....#..........#......#
#..
...###.....#...##k....#
###
.###.###...#...#@YF#.P#
#P
..#.......########...##
#P ..#...#....P# ..#..#
##. ..#.........#
}.k..## #..
..#####÷...## )YD..##
### ...........#
...F.## #. #P.....÷####
#P...## ## ###.P.###
##### ## ##### #.


You could see a death yak, a cane toad and a rime drake (catching breath).

Vanquished Creatures
  Nessos (Lair:4)
  A dire elephant (Lair:1)
  Snorg (D:12)
  5 hydras
  A catoblepas (Lair:1)
  A two-headed ogre (D:11)
  6 death yaks
  Sonja (Lair:5)
  The ghost of cforsyth the Changeling, a novice OgSh of Hepliaklqana (D:5)
  A necromancer (Lair:4)
  A lindwurm (Lair:5)
  An orc knight (D:11)
  3 cyclopes
  An ugly thing (D:12)
  A manticore (D:12)
  7 elephants
  12 black mambas
  6 cane toads
  5 rime drakes
  10 komodo dragons
  3 kobold demonologists (D:11)
  5 trolls
  11 polar bears
  2 hornets
  Grinder (D:5)
  36 blink frogs
  2 raiju (Lair:5)
  A snapping turtle (Lair:2)
  4 dream sheep
  67 yaks
  A spriggan (Lair:2)
  3 shadows
  3 vampires
  9 wyverns
  2 wraiths
  5 basilisks
  6 wargs (Lair:5)
  A naga (Lair:2)
  3 vampire mosquitoes (D:12)
  13 water moccasins
  13 hell hounds (Lair:5)
  16 orc warriors
  14 black bears
  3 sky beasts
  2 ice beasts
  An ogre (D:6)
  27 wolves
  14 centaurs
  A phantom (D:5)
  3 kobold brigands (D:11)
  14 bullfrogs
  Blork the orc (D:6)
  2 scorpions
  A gnoll sergeant (D:9)
  8 wights (D:10)
  5 jellies
  7 killer bees (D:11)
  3 electric eels
  2 howler monkeys
  Crazy Yiuf (D:4)
  2 gnoll boudas
  9 orc priests
  2 hounds
  2 iguanas
  2 sleepcaps
  13 orc wizards
  4 polar bear simulacra (Lair:4)
  4 wolf simulacra (Lair:4)
  A yak simulacrum (Lair:4)
  8 gnolls
  2 river rats (Sewer)
  15 adders
  2 dart slugs (D:3)
  3 worms
  41 orcs
  6 bats
  7 endoplasms
  5 giant cockroaches (D:3)
  5 goblins
  2 hobgoblins
  4 jackals (D:1)
  4 quokkas (D:3)
  5 ball pythons
  5 frilled lizards
  7 kobolds
  4 rats
  2 river rat simulacra (Lair:4)
548 creatures vanquished.

Vanquished Creatures (collateral kills)
  A phantom (D:4)
  2 adders
  A river rat (Sewer)
  A worm (D:2)
  A dart slug (D:3)
  2 orcs (D:3)
  An endoplasm (D:2)
  A giant cockroach (D:1)
  A goblin (D:3)
  A hobgoblin (D:3)
  A kobold (D:2)
  4 ball pythons
  3 frilled lizards
  2 rats
22 creatures vanquished.

Vanquished Creatures (others)
  A kobold (D:11)
1 creature vanquished.

Grand Total: 571 creatures vanquished

Notes
Turn   | Place    | Note
-------+----------+-------------------------------------------
     0 | D:1      | Shard1697 the Draconian Summoner began the quest for the
                  | Orb.
     0 | D:1      | Reached XP level 1. HP: 14/14 MP: 3/3
   392 | D:1      | Reached XP level 2. HP: 20/20 MP: 3/5
   398 | D:1      | Learned a level 2 spell: Call Imp
  1443 | D:2      | Reached XP level 3. HP: 26/26 MP: 1/6
  1592 | D:2      | Reached skill level 1 in Staves
  1828 | D:2      | Learned a level 3 spell: Call Canine Familiar
  1917 | D:3      | Found a glowing drain.
  1931 | Sewer    | Entered a sewer
  2041 | Sewer    | Reached XP level 4. HP: 25/33 MP: 8/8
  2225 | Sewer    | Reached skill level 5 in Summonings
  2358 | Sewer    | Reached XP level 5. HP: 38/38 MP: 7/10
  2728 | D:3      | Reached skill level 2 in Staves
  3153 | D:4      | Found an ancient bone altar of Kikubaaqudgha.
  3306 | D:4      | Reached XP level 6. HP: 45/45 MP: 7/12
  3311 | D:4      | Learned a level 4 spell: Summon Lightning Spire
  3594 | D:4      | Reached skill level 1 in Air Magic
  4019 | D:4      | Found a staircase to the Ecumenical Temple.
  4025 | Temple   | Entered the Ecumenical Temple
  4236 | Temple   | Became a worshipper of Warmaster Okawaru
  4361 | D:4      | Found a runed translucent door.
  4362 | D:4      | Noticed Crazy Yiuf
  4372 | D:4      | Killed Crazy Yiuf
  4373 | D:4      | Reached skill level 3 in Staves
  4492 | D:5      | Entered Level 5 of the Dungeon
  4523 | D:5      | Noticed an ice beast
  4543 | D:5      | Killed an ice beast
  4544 | D:5      | Reached skill level 4 in Staves
  4544 | D:5      | Your scales start taking on a dull iron-grey colour.
  4544 | D:5      | Reached XP level 7. HP: 29/50 MP: 13/13
  4730 | D:5      | Identified the +7 long sword "Mycuh" {drain, *Slow +Blink
                  | rF+ Dex+9}
  4757 | D:5      | Reached skill level 5 in Staves
  4912 | D:5      | Found a runed translucent door.
  4916 | D:5      | Noticed cforsyth's ghost (novice OgSh)
  4960 | D:5      | Reached * piety under Okawaru
  4965 | D:5      | Reached skill level 6 in Staves
  5070 | D:5      | Reached skill level 1 in Fighting
  5340 | D:5      | Noticed Grinder
  5397 | D:4      | Reached XP level 8. HP: 40/61 MP: 14/14
  5503 | D:5      | Paralysed by Grinder for 4 turns
  5528 | D:5      | Killed Grinder
  5529 | D:5      | Reached skill level 1 in Invocations
  5715 | D:6      | Noticed Blork the orc
  5732 | D:6      | Killed Blork the orc
  5808 | D:6      | Reached skill level 7 in Staves
  6115 | D:6      | Reached ** piety under Okawaru
  6138 | D:6      | Identified the +6 spear "Nicria" {drain, rCorr Str+2 Int+2}
  6666 | D:7      | Reached XP level 9. HP: 41/73 MP: 15/15
  6839 | D:7      | Reached skill level 5 in Fighting
  6957 | D:7      | Reached skill level 8 in Staves
  7325 | D:5      | Killed cforsyth's ghost
  7326 | D:5      | Reached skill level 5 in Invocations
  7648 | D:7      | Reached *** piety under Okawaru
  8286 | D:8      | Paralysed by a hornet for 2 turns
  8465 | D:8      | Reached skill level 9 in Staves
  9486 | D:8      | Found a radiant altar of Vehumet.
  9486 | D:8      | Found an opulent altar of Gozag.
  9575 | D:9      | Reached XP level 10. HP: 83/86 MP: 16/16
  9610 | D:9      | Reached **** piety under Okawaru
  9673 | D:9      | Found a staircase to the Orcish Mines.
 10149 | D:9      | Found a blossoming altar of Fedhas.
 10353 | D:9      | Noticed a cyclops
 10363 | D:9      | Killed a cyclops
 10364 | D:9      | Reached skill level 10 in Staves
 10468 | D:10     | Entered Level 10 of the Dungeon
 10529 | D:9      | Reached ***** piety under Okawaru
 10893 | D:10     | Reached XP level 11. HP: 92/99 MP: 17/17
 11160 | D:10     | Reached skill level 10 in Fighting
 11160 | D:10     | Reached skill level 11 in Staves
 11735 | D:11     | Reached ****** piety under Okawaru
 11737 | D:11     | Found a staircase to the Lair.
 11952 | D:11     | Identified the +8 glaive of Dividends {venom, Stlth+}
                  | (Okawaru gifted it to you on level 11 of the Dungeon)
 11952 | D:11     | Received a gift from Okawaru
 11991 | D:11     | Reached skill level 12 in Staves
 12127 | D:11     | Noticed a two-headed ogre
 12135 | D:11     | HP: 5/100 [two-headed ogre/+0 giant spiked club (21)]
 12137 | D:11     | Killed a two-headed ogre
 12641 | D:12     | Reached skill level 5 in Dodging
 12692 | D:12     | Noticed Snorg
 12712 | D:12     | Killed Snorg
 12733 | D:12     | Reached XP level 12. HP: 106/106 MP: 18/18
 12986 | D:12     | Received a gift from Okawaru
 13244 | D:12     | Reached skill level 13 in Staves
 13697 | Lair:1   | Entered Level 1 of the Lair of Beasts
 13894 | Lair:1   | Reached skill level 10 in Invocations
 13968 | Lair:1   | Noticed a catoblepas
 13968 | Lair:1   | Noticed a dire elephant
 13989 | Lair:1   | Found a runed translucent door.
 14651 | Lair:1   | Killed a dire elephant
 14682 | Lair:1   | Killed a catoblepas
 14841 | Lair:2   | Received a gift from Okawaru
 14960 | Lair:2   | Found a staircase to the Snake Pit.
 15103 | Lair:2   | Found a staircase to the Shoals.
 15178 | Lair:2   | Noticed a seven-headed hydra
 15193 | Lair:2   | Killed a seven-headed hydra
 15430 | Lair:2   | Reached skill level 14 in Staves
 15441 | Lair:2   | Learned a level 1 spell: Slow
 15447 | Lair:2   | Learned a level 5 spell: Yara's Violent Unravelling
 15549 | Lair:2   | Reached XP level 13. HP: 91/114 MP: 20/20
 17484 | Lair:3   | Paralysed by a hornet for 3 turns
 18349 | Lair:4   | Received a gift from Okawaru
 18567 | Lair:4   | Reached skill level 15 in Staves
 18622 | Lair:4   | Identified the +6 chain mail of the Slightly Bent {Int+2
                  | Slay-4 SInv}
 18824 | Lair:4   | Reached skill level 10 in Dodging
 19075 | Lair:4   | Noticed Nessos
 19088 | Lair:4   | Killed Nessos
 19360 | Lair:4   | Identified the +0 pair of boots "Pasepo" {MP-9 Str+5}
                  | (Okawaru gifted it to you on level 4 of the Lair of Beasts)
 19360 | Lair:4   | Received a gift from Okawaru
 19361 | Lair:4   | Reached skill level 1 in Hexes
 19378 | Lair:4   | Reached XP level 14. HP: 31/127 MP: 15/21
 19863 | Lair:5   | Entered Level 5 of the Lair of Beasts
 19911 | Lair:5   | Reached skill level 1 in Transmutations
 20170 | Lair:5   | Learned a level 7 spell: Enfeeble
 20428 | Lair:5   | Reached skill level 5 in Hexes
 20919 | Lair:5   | Reached skill level 5 in Transmutations
 21015 | Lair:5   | Found a staircase to the Slime Pits.
 21015 | Lair:5   | Found a viscous altar of Jiyva.
 21030 | Lair:5   | Noticed Sonja
 21035 | Lair:5   | Killed Sonja
 21371 | Lair:5   | Received a gift from Okawaru
 21916 | Lair:5   | HP: 1/127 [death yak (12)]
 21919 | Lair:5   | Killed from afar by a rime drake

Illustrated notes

Levels and vault maps discovered:
D:1:      scummos_arrival_checkerplants, layout_basic, chequers_avenue
D:2:      layout_loops_corners, minmay_indecisive_spiral
D:3:      minmay_bubble_buster, layout_rooms, portal_sewer_entry_f,
          minmay_mini_jars
D:4:      layout_basic, kiku_gazebo_garden_becter, temple_green,
          uniq_crazy_yiuf_cottage
D:5:      layout_basic, ebering_ghost_sewer_d, uniq_grinder
D:6:      layout_gridville, roderic_cross_of_infinity, hex_medium,
          minmay_fractal_squares_gapless_5, uniq_blork_the_orc
D:7:      layout_loops_corners
D:8:      nicolae_BIG_FREAKIN_CUBE, layout_basic,
          mainiacjoe_overflow_divided_tiny
D:9:      layout_loops_ring, marbit_many_paths, david_orc_3
D:10:     layout_stronghold, centaur_isle
D:11:     layout_loops_ring, minmay_lair_entry_grove
D:12:     layout_roguey [special_room_orc], uniq_snorg
Temple:   hc_temple_tempest_star
Lair:1:   gammafunk_lair_enchanted_lake, layout_gridlike
Lair:2:   layout_concentric_octagons, minmay_shoals_entry_hut,
          guppyfry_snake_entry_island, chequers_serial_rivers_small_a,
          wad_woods_03
Lair:3:   layout_regular_city, wad_woods_river_01, serial_bayou_shore_b
Lair:4:   layout_regular_city, eino_house_with_fridge, grunt_megastairs_5,
          infiniplex_staircase_pool_2, uniq_nessos
Lair:5:   hangedman_lair_caniforms_friends, layout_big_grid,
          hangedman_lair_in_review, slime_entry_1, uniq_sonja

Skill      XL: |  1  2  3  4  5  6  7  8  9 10 11 12 13 14 |
---------------+-------------------------------------------+-----
Staves         | 1 2 4 6 7 9 10 12 14 15 | 15.2
Spellcasting   | 3 4 |  4.0
Summonings     | 5 |  5.9
Air Magic      | 1 |  1.0
Fighting       | 2 4 7 9 10 12 | 12.6
Invocations    | 4 6 7 9 10 | 10.3
Dodging        | 5 8 10 | 10.1
Hexes          | 1 7 |  7.1
Transmutations | 6 |  6.8
Stealth        | |  1.7

Action                     |  1- 3 |  4- 6 |  7- 9 | 10-12 | 13-15 || total
---------------------------+-------+-------+-------+-------+-------++-------
  Melee: Lajatang          |    76 |   140 |   373 |  1140 |  1342 ||  3071
         Tailslap          |     7 |    12 |    54 |   192 |   269 ||   534
         Dagger            |     2 |       |       |       |       ||     2
         Trident           |       |       |       |    10 |    34 ||    44
         Punch             |       |       |       |       |     1 ||     1
   Cast: Summon Small Mamm |    10 |       |       |       |       ||    10
         Call Imp          |     8 |     8 |       |       |       ||    16
         Call Canine Famil |       |     2 |       |       |       ||     2
         Slow              |       |       |       |       |     6 ||     6
 Invoke: Heroism           |       |       |     1 |     9 |     7 ||    17
         Finesse           |       |       |       |     1 |     3 ||     4
  Evoke: Wand              |       |       |     2 |     5 |     1 ||     8
    Use: Scroll            |       |    10 |     4 |     2 |     4 ||    20
         Potion            |       |       |     5 |     1 |     1 ||     7
   Stab: Sleeping          |     7 |     8 |     1 |     4 |     5 ||    25
         Distracted        |       |     2 |     1 |     2 |     2 ||     7
         Paralysed         |       |       |     4 |     1 |     4 ||     9
         Invisible         |       |       |       |     3 |       ||     3
         Petrifying        |       |       |       |     1 |       ||     1
         Petrified         |       |       |       |     1 |       ||     1
 Armour: Skin              |    26 |    59 |   176 |   417 |   345 ||  1023
  Dodge: Dodged            |    57 |    91 |   174 |   780 |   974 ||  2076
  Block: Other             |       |       |       |    37 |   277 ||   314
         Reflection        |       |       |       |       |     1 ||     1

Table legend: (Time is in decaauts)
 A = Elapsed time spent in this place.
 B = Non-inter-level travel time spent in this place.
 C = Inter-level travel time spent in this place.
 D = Time resting spent in this place.
 E = Time spent auto-exploring this place.
 F = Levels seen in this place.
 G = Mean time per level.
                   A        B        C        D        E       F      G
               +--------+--------+--------+--------+--------+-----+--------+
         Total |  21381 |  20610 |    771 |   2271 |  12912 |  19 | 1125.3 |
       Dungeon |  12899 |  12330 |    569 |   1688 |   7604 |  12 | 1074.9 |
        Temple |    235 |    212 |     23 |      0 |    137 |   1 |  235.0 |
          Lair |   7676 |   7497 |    179 |    521 |   4933 |   5 | 1535.2 |
         Sewer |    569 |    569 |      0 |     62 |    237 |   1 |  569.0 |
               +--------+--------+--------+--------+--------+-----+--------+

Top non-repeatable levels by time:
  Lair:2: 1873 daAuts
  Lair:5: 1829 daAuts
  Lair:4: 1686 daAuts
     D:7: 1414 daAuts
     D:4: 1356 daAuts
  Lair:3: 1260 daAuts
     D:5: 1233 daAuts
    D:11: 1137 daAuts
     D:6: 1117 daAuts
     D:8: 1099 daAuts
     D:2: 1072 daAuts
  Lair:1: 1026 daAuts
     D:9: 979 daAuts
    D:10: 976 daAuts
    D:12: 927 daAuts
